 Dungeon Crawl Stone Soup version 0.31.0-11-ge490571c62 (webtiles) character file.

Game seed: 6246224014834154457

817 qw the Skirmisher (level 7, -3/40 HPs)
             Began as a Deep Elf Hunter on Feb 4, 2024.
             Slain by a phantom (5 damage)
             ... on level 5 of the Dungeon.
             The game lasted 00:00:18 (3628 turns).

qw the Skirmisher (Deep Elf Hunter)                 Turns: 3628, Time: 00:00:19

Health: -3/40      AC:  5    Str: 10    XL:     7   Next: 62%
Magic:  9/9        EV: 12    Int: 14    God:
Gold:   222        SH:  5    Dex: 18    Spells: 6/6 levels left

rFire   + . .        a - +1 shortbow
rCold   + . .        (shield currently unavailable)
rNeg    . . .        k - +0 ring mail
rPois   .            (no helmet)
rElec   .            g - scarf {rC+ rF+}
rCorr   .            (no gloves)
SInv    .            (no boots)
Will    .....        e - amulet of reflection
Stlth   +            (no ring)
HPRegen 0.26/turn    (no ring)
MPRegen 0.11/turn

%: reflection
@: no status effects
A: no striking features
a: no special abilities


You were on level 5 of the Dungeon.
You visited 1 branch of the dungeon, and saw 5 of its levels.

You collected 222 gold pieces.


   Skills:
 - Level 2.0 Fighting
 + Level 11.6 Ranged Weapons
 - Level 4.1 Dodging
 - Level 1.2 Stealth


You had 6 spell levels left.
You didn't know any spells.
Your spell library was empty.

Inventory:

Hand Weapons
 a - a +1 shortbow (weapon)
Armour
 d - a +0 cloak
 g - a scarf of resistance (worn)
 k - a +0 ring mail (worn)
Jewellery
 e - an amulet of reflection (around neck)
Potions
 j - 2 potions of haste

Dungeon Overview and Level Annotations

Branches:
Dungeon (5/15)
 Temple: D:4-7

Altars:
Xom


Message History

You shoot an arrow. The arrow closely misses the phantom.
You block the phantom's attack.
You shoot an arrow.
The arrow completely misses the phantom.
The phantom hits you.
You shoot an arrow.
The arrow hits the phantom but does no damage.
The phantom is moderately damaged.
The phantom hits you!
The phantom blinks!
You blink.
You shoot an arrow. The arrow closely misses the phantom.
The phantom barely misses you.
A magic dart appears from out of thin air!
The magic dart hits you.
You shoot an arrow. The arrow barely misses the phantom.
The phantom misses you.
You shoot an arrow. The arrow barely misses the phantom.
The phantom hits you.
The phantom blinks!
You blink.
You shoot an arrow. The arrow barely misses the phantom.
The phantom hits you but does no damage.
You hear some strange, mumbled words.
You are confused.
3626 ||| DRINKING fizzy grey potion.
It was a potion of cancellation.
Your magical effects are unravelling.
You feel magically purged.
You feel less confused. The phantom barely misses you.
You hear some strange, mumbled words.
A magic dart appears from out of thin air!
The magic dart hits you.
You shoot an arrow. The arrow hits the phantom.
The phantom is moderately damaged.
You block the phantom's attack.
You hear some strange, mumbled words.
A magic dart appears from out of thin air!
The magic dart hits you.
You shoot an arrow.
The arrow hits the phantom but does no damage.
The phantom is moderately damaged.
The phantom hits you.
You die...

.#.#######
...W.)$.>#
####..#
####.....#
#....@{..#
#....##W#.#.#
... ###.#.# .
..#.. .######
.. .. ...


You could see a phantom.

Vanquished Creatures
  Eustachio (D:4)
  2 scorpions (D:4)
  A bombardier beetle (D:3)
  A hound (D:5)
  A jelly (D:3)
  A gnoll bouda (D:4)
  An orc priest (D:4)
  An iguana (D:4)
  2 sleepcaps
  Jessica (D:2)
  Natasha (D:2)
  An orc wizard (D:4)
  9 gnolls
  8 adders
  3 dart slugs
  A ribbon worm (D:4)
  10 orcs
  8 ball pythons
  6 bats
  5 endoplasms (D:1)
  3 giant cockroaches
  6 goblins
  6 hobgoblins
  3 jackals (D:4)
  7 kobolds
  3 quokkas
  5 frilled lizards
  7 rats
104 creatures vanquished.

Notes
Turn   | Place    | Note
-------+----------+-------------------------------------------
     0 | D:1      | qw the Deep Elf Hunter began the quest for the Orb.
     0 | D:1      | Reached XP level 1. HP: 12/12 MP: 3/3
     0 | D:1      | 0 ||| qw: Version: 0.3-a-160-g6735b56
     0 | D:1      | 0 ||| qw: Game counter: 5237
     0 | D:1      | 0 ||| qw: Melee chars always use a shield: true
     0 | D:1      | 0 ||| qw: God list: Okawaru
     0 | D:1      | 0 ||| qw: Allow faded altars: false
     0 | D:1      | 0 ||| qw: Do Orc after clearing Dungeon:15 true
     0 | D:1      | 0 ||| qw: Do second Lair branch before Depths: true
     0 | D:1      | 0 ||| qw: Lair rune preference: random
     0 | D:1      | 0 ||| qw: Goals: Normal
     0 | D:1      | 0 ||| PLANNING D:1-11
    37 | D:1      | Reached skill level 6 in Ranged Weapons
    37 | D:1      | Reached XP level 2. HP: 16/16 MP: 4/4
   154 | D:1      | Reached XP level 3. HP: 20/20 MP: 5/5
   446 | D:1      | Reached skill level 7 in Ranged Weapons
   610 | D:1      | 610 ||| UPGRADING to +0 cloak.
   615 | D:1      | 615 ||| UPGRADING to scarf of resistance.
   625 | D:1      | 625 ||| READING scroll labelled VEXEWNE TAINTE.
   626 | D:1      | 626 ||| READING scroll labelled ROTEDE DECAS.
   626 | D:1      | 626 ||| IDENTIFYING viscous orange potion
   627 | D:1      | 627 ||| READING scroll labelled XACETU VOWAKAT.
   628 | D:1      | 628 ||| READING scroll labelled UTWERPH GOIFO.
   629 | D:1      | 629 ||| DROPPING scroll of butterflies.
   630 | D:1      | 630 ||| DROPPING potion of attraction.
   991 | D:2      | Noticed Natasha
   998 | D:2      | Killed Natasha
   999 | D:2      | Reached XP level 4. HP: 25/25 MP: 6/6
  1166 | D:2      | Found a shimmering altar of Xom.
  1166 | D:2      | Noticed Jessica
  1170 | D:2      | Killed Jessica
  1171 | D:2      | Reached skill level 8 in Ranged Weapons
  1492 | D:2      | 1492 ||| DROPPING ring of flight.
  1493 | D:2      | 1493 ||| READING scroll of identify.
  1493 | D:2      | 1493 ||| IDENTIFYING cyan potion
  1494 | D:2      | 1494 ||| READING scroll labelled TEMEADGH JONWEA.
  1595 | D:2      | 1595 ||| READING scroll labelled OGUTOITHRUN.
  1596 | D:2      | 1596 ||| READING scroll labelled URGHIAL EL FOY.
  1596 | D:2      | 1596 ||| ENCHANTING +0 shortbow.
  1627 | D:3      | Reached XP level 5. HP: 28/29 MP: 7/7
  1827 | D:3      | Reached skill level 9 in Ranged Weapons
  2172 | D:3      | HP: 7/29 [sleepcap (4)]
  2173 | D:3      | HP: 3/29 [sleepcap (4)]
  2176 | D:3      | Reached skill level 3 in Dodging
  2427 | D:3      | 2427 ||| DROPPING scarf of resistance.
  2428 | D:3      | 2428 ||| UPGRADING to amulet of reflection.
  2433 | D:3      | 2433 ||| READING scroll of identify.
  2433 | D:3      | 2433 ||| IDENTIFYING fuming blue potion
  2434 | D:3      | 2434 ||| DROPPING potion of ambrosia.
  2491 | D:4      | Reached XP level 6. HP: 25/35 MP: 8/8
  2491 | D:4      | 2491 ||| FLEEEEING.
  2492 | D:4      | 2492 ||| STAIRDANCE
  2531 | D:4      | 2531 ||| STAIRDANCE
  2590 | D:4      | Noticed Eustachio
  2591 | D:4      | 2591 ||| DRINKING 3 potions of haste.
  2612 | D:4      | Killed Eustachio
  2689 | D:4      | Reached skill level 10 in Ranged Weapons
  2971 | D:4      | Reached XP level 7. HP: 25/40 MP: 9/9
  2971 | D:4      | 2971 ||| FLEEEEING.
  2972 | D:4      | 2972 ||| FLEEEEING.
  2973 | D:4      | 2973 ||| FLEEEEING.
  2974 | D:4      | 2974 ||| FLEEEEING.
  2975 | D:4      | 2975 ||| FLEEEEING.
  2976 | D:4      | 2976 ||| FLEEEEING.
  2977 | D:4      | 2977 ||| FLEEEEING.
  2978 | D:4      | 2978 ||| FLEEEEING.
  2979 | D:4      | 2979 ||| FLEEEEING.
  2980 | D:4      | 2980 ||| FLEEEEING.
  2981 | D:4      | 2981 ||| FLEEEEING.
  2984 | D:4      | 2984 ||| FLEEEEING.
  2985 | D:4      | 2985 ||| FLEEEEING.
  2986 | D:4      | 2986 ||| FLEEEEING.
  2987 | D:4      | 2987 ||| FLEEEEING.
  2988 | D:4      | 2988 ||| FLEEEEING.
  2989 | D:4      | 2989 ||| FLEEEEING.
  3300 | D:4      | Reached skill level 11 in Ranged Weapons
  3480 | D:4      | 3480 ||| UPGRADING to +0 scale mail.
  3490 | D:4      | 3490 ||| DROPPING +0 leather armour.
  3491 | D:4      | 3491 ||| UPGRADING to +0 ring mail.
  3501 | D:4      | 3501 ||| DROPPING +0 scale mail.
  3502 | D:4      | 3502 ||| READING scroll of identify.
  3502 | D:4      | 3502 ||| IDENTIFYING glowing green potion
  3503 | D:4      | 3503 ||| READING scroll labelled TYIHAYT SOLLUEROX.
  3504 | D:4      | 3504 ||| DROPPING potion of degeneration.
  3506 | D:4      | 3506 ||| Stepping ~*~*~tactically~*~*~ (cloud).
  3590 | D:5      | Entered Level 5 of the Dungeon
  3613 | D:5      | 3613 ||| FLEEEEING.
  3626 | D:5      | 3626 ||| DRINKING fizzy grey potion.
  3626 | D:5      | HP: 7/40 [something/magic dart (5)]
  3627 | D:5      | HP: 2/40 [something/magic dart (6)]
  3628 | D:5      | Slain by a phantom

Levels and vault maps discovered:
D:1:      heliophobic_arrival_henge, layout_rooms,
          nicolae_houndstooth_variations
D:2:      layout_loops_corners, basic_altar, uniq_jessica, uniq_natasha
D:3:      layout_basic, grunt_decor_mini_mirrors
D:4:      layout_gridville, minivault_5, grunt_ministairs_2, uniq_eustachio
D:5:      minmay_spotlight, layout_basic, kennysheep_okawaru_gauntlet,
          chequers_arboretum, grunt_ministairs_1

Skill      XL: |  1  2  3  4  5  6  7 |
---------------+----------------------+-----
Ranged Weapons | 6 7 8 9 10 11 | 11.6
Dodging        | 3 4 |  4.1
Fighting       | 2 |  2.0
Stealth        | |  1.2

Action                     |  1- 3 |  4- 6 |  7- 9 || total
---------------------------+-------+-------+-------++-------
   Fire: Shortbow          |    73 |   205 |    95 ||   373
    Use: Scroll            |     4 |     5 |     2 ||    11
         Potion            |       |     1 |     1 ||     2
 Armour: Leather armour    |     8 |    30 |     6 ||    44
         Ring mail         |       |       |    18 ||    18
  Dodge: Dodged            |    14 |    31 |    18 ||    63
  Block: Other             |       |     8 |     6 ||    14

Table legend:
 A = Non-vault XP
 B = Vault XP
 C = Vault XP percentage of total XP
 D = Non-vault monster count
 E = Vault monster count
 F = Vault count percentage of total count
                 A         B        C        D         E       F
            +---------+---------+-------+---------+---------+-------
      Total |     676 |     492 |  42.1 |      92 |      12 |  11.5
            +---------+---------+-------+---------+---------+-------
        D:1 |      78 |       0 |   0.0 |      30 |       0 |   0.0
        D:2 |      23 |      72 |  75.8 |       8 |       2 |  20.0
        D:3 |     169 |       0 |   0.0 |      19 |       0 |   0.0
        D:4 |     400 |     355 |  47.0 |      33 |       6 |  15.4
        D:5 |       6 |      65 |  91.5 |       2 |       4 |  66.7
            +---------+---------+-------+---------+---------+-------
